[Event "December 12 Late 2023"]
[Site "https://www.chess.com"]
[Date "2023.12.12"]
[Round "6"]
[White "Balla, Tamas-Kristof"]
[Black "Sarkar, Justin"]
[Result "0-1"]
[Board "112"]
[TimeControl "180+1"]
[WhiteFideId "1208497"]
[BlackFideId "2010011"]
[WhiteElo "2382"]
[BlackElo "2290"]
[WhiteTeam "ROU"]
[BlackTeam "USA"]
[WhiteClock "0:00:09"]
[BlackClock "0:00:02"]

1. e4 Nc6 2. Nf3 Nf6 3. e5 Ng4 4. d4 d6 5. h3 Nh6 6. Bxh6 gxh6 7. e6 fxe6 8. Bb5 Bg7 9. Nc3 O-O 10. Qd2 Rxf3 11. gxf3 Nxd4 12. Be2 Qf8 13. O-O-O Kh8 14. Rhg1 e5 15. Nd5 c6 16. Ne3 Be6 17. Kb1 Nxf3 18. Bxf3 Qxf3 19. Rg3 Qf4 20. Rdg1 Bf6 21. Qe2 Rf8 22. Ng4 Bh4 23. R3g2 Bd5 24. Rh2 Bf3 25. Qf1 Bxg4 26. Rxg4 Qxh2 27. Rxh4 Rxf2 28. Qc1 Rg2 29. Re4 Rg1 30. Re1 Rxe1 31. Qxe1 Qxh3 32. a3 Qf5 33. Qb4 b5 34. Qa5 Qf6 35. Qxa7 h5 36. Qb8+ Kg7 37. a4 h4 38. axb5 cxb5 39. Qxb5 h3 40. Qd5 Qf4 41. Qh1 Qg3 42. Qb7 Qg2 43. Qxe7+ Kg6 44. Qxd6+ Kf5 45. Qd7+ Kf4 46. Qf7+ Ke3 47. Qxh7 h2 48. Qh6+ Kf2 49. Qd2+ Kf1 50. Qd1+ Kf2 51. Qd2+ Kf3 52. Qd3+ Kf4 53. Qc4+ e4 54. Qf7+ Ke3 55. Qb3+ Ke2 56. Qc4+ Ke1 57. Qc3+ Qd2 58. Qg3+ Kd1 59. Qg4+ Qe2 60. Qh3 Kd2 61. Qh5 Qxh5 62. b3 h1=Q+ 63. Kb2 Ke3 64. Ka3 Kd2 65. Kb4 Kxc2 66. Ka4 Q1f3 67. b4 Qb3# 0-1

[Event "December 12 Late 2023"]
[Site "https://www.chess.com"]
[Date "2023.12.12"]
[Round "6"]
[White "Buenafe Moya, Javier"]
[Black "De Souza, Cristiano Gomes"]
[Result "1-0"]
[Board "113"]
[TimeControl "180+1"]
[WhiteFideId "2206412"]
[BlackFideId "2151758"]
[WhiteElo "2376"]
[BlackElo "2236"]
[WhiteTeam "ESP"]
[BlackTeam "BRA"]
[WhiteClock "0:00:26"]
[BlackClock "0:01:06"]

1. c4 Nf6 2. Nc3 g6 3. d4 d6 4. g3 Bg7 5. Bg2 O-O 6. Nf3 Nc6 7. O-O Bf5 8. b3 Ne4 9. Nd5 Bd7 10. Bb2 e6 11. Nf4 f5 12. Qc2 g5 13. d5 gxf4 14. dxc6 Bxc6 15. gxf4 Bxb2 16. Qxb2 Qf6 17. Qxf6 Rxf6 18. Ng5 Nxg5 19. fxg5 Rg6 20. h4 Bxg2 21. Kxg2 h6 22. f4 e5 23. fxe5 hxg5 24. Rxf5 gxh4+ 25. Kh3 Re8 26. Kxh4 dxe5 27. Rd1 Re7 28. Rd8+ Kg7 29. Rg5 Rxg5 30. Kxg5 Rf7 31. a4 a5 32. Rd5 Re7 33. Rxa5 b6 34. Rd5 e4 35. Kf4 Kf6 36. Rf5+ Kg6 37. Re5 Rd7 38. Rxe4 Rd2 39. Ke5 Rb2 40. Re3 Kg5 41. Kd5 Kf4 42. Rf3+ Kg4 43. Kc6 Rxe2 44. Rf6 Rb2 45. Kxc7 Rxb3 46. Rxb6 Rc3 47. Rb4 Kf5 48. a5 Ke5 49. a6 Ra3 50. Kb7 Kd4 51. a7 Kc5 52. Rb1 Kxc4 53. a8=Q Ra7+ 1-0

[Event "December 12 Late 2023"]
[Site "https://www.chess.com"]
[Date "2023.12.12"]
[Round "6"]
[White "Nita, Lucian"]
[Black "Ghosh, Chanchal Kumer"]
[Result "0-1"]
[Board "114"]
[TimeControl "180+1"]
[WhiteFideId "1206923"]
[BlackFideId "10201858"]
[WhiteElo "2364"]
[BlackElo "2093"]
[WhiteTeam "ROU"]
[BlackTeam "BAN"]
[WhiteClock "0:01:11"]
[BlackClock "0:00:32"]

1. e4 c5 2. Nf3 d6 3. d3 Nf6 4. Nbd2 Nc6 5. g3 e6 6. Bg2 Be7 7. O-O O-O 8. c3 d5 9. e5 Nd7 10. d4 f6 11. exf6 Nxf6 12. dxc5 Bxc5 13. Nb3 Bb6 14. Bg5 e5 15. Bxf6 Rxf6 16. a4 Bg4 17. h3 Bxf3 18. Bxf3 e4 19. Bg2 Ne5 20. Nd4 Bxd4 21. Qxd4 Qd6 22. Rad1 Nd3 23. Rd2 b6 24. f3 Raf8 25. fxe4 Rxf1+ 26. Bxf1 Qxg3+ 27. Rg2 Rxf1+ 0-1

[Event "December 12 Late 2023"]
[Site "https://www.chess.com"]
[Date "2023.12.12"]
[Round "6"]
[White "Zampronha, Wladimir Camilo"]
[Black "Yang, Kevin"]
[Result "0-1"]
[Board "115"]
[TimeControl "180+1"]
[WhiteFideId "2103087"]
[BlackFideId "30908485"]
[WhiteElo "2354"]
[BlackElo "2563"]
[WhiteTeam "BRA"]
[BlackTeam "USA"]
[WhiteClock "0:00:31"]
[BlackClock "0:00:08"]

1. e4 c6 2. d4 d5 3. e5 Bf5 4. Nf3 e6 5. Be2 Nd7 6. O-O Bg6 7. Nbd2 Nh6 8. c4 Be7 9. b3 O-O 10. Bb2 a5 11. Bc3 Nf5 12. Re1 Qb8 13. Nf1 b5 14. Ne3 a4 15. Nxf5 Bxf5 16. cxb5 cxb5 17. bxa4 b4 18. Bb2 Nb6 19. Bd3 Bxd3 20. Qxd3 Rxa4 21. Bc1 Qa7 22. Bg5 Ra3 23. Qb1 h6 24. Bxe7 Qxe7 25. Rc1 Na4 26. Rc6 Nc3 27. Qb2 Rfa8 28. h3 Rxa2 29. Rxa2 Rxa2 30. Qb3 Ra1+ 31. Kh2 Ra2 32. Kg1 Ra1+ 33. Kh2 Rb1 34. Qc2 Qb7 35. Rc5 Ra1 36. Qb3 Ne4 37. Rc2 Ra3 38. Qb2 Qb5 39. Qb1 Rc3 40. Ra2 b3 41. Ra8+ Kh7 42. Nd2 Rc2 43. Nxe4 dxe4 44. Ra3 Qe2 45. Rxb3 Qxf2 46. Rg3 Re2 47. Qd1 Re1 48. Qg4 Qg1# 0-1

[Event "December 12 Late 2023"]
[Site "https://www.chess.com"]
[Date "2023.12.12"]
[Round "6"]
[White "Omariev, Maksim"]
[Black "Stead, Kerry"]
[Result "1/2-1/2"]
[Board "116"]
[TimeControl "180+1"]
[WhiteFideId "4193423"]
[BlackFideId "3202577"]
[WhiteElo "2475"]
[BlackElo "2077"]
[WhiteTeam "RUS"]
[BlackTeam "AUS"]
[WhiteClock "0:00:03"]
[BlackClock "0:00:37"]

1. g4 d5 2. Bg2 Bxg4 3. c4 c6 4. Qb3 Qb6 5. Qxb6 axb6 6. cxd5 Nf6 7. Nc3 e6 8. h3 Bf5 9. e4 Bg6 10. dxe6 fxe6 11. Nge2 Nbd7 12. d4 e5 13. O-O Bd6 14. Be3 O-O 15. Rad1 Rad8 16. dxe5 Nxe5 17. Bxb6 Rd7 18. b3 Bb4 19. f4 Nd3 20. e5 Nh5 21. Be4 Bxe4 22. Nxe4 Rd5 23. Be3 Be7 24. Kg2 Nb4 25. a3 Na6 26. b4 Nc7 27. Kf3 g6 28. Kg4 Ng7 29. Nc5 b6 30. Ne4 b5 31. Nc5 Nce6 32. Nxe6 Nxe6 33. Rxd5 cxd5 34. Rd1 Rd8 35. Nd4 Nxd4 36. Bxd4 Kf7 37. f5 gxf5+ 38. Kxf5 Rg8 39. e6+ Ke8 40. Be5 Rg5+ 41. Kf4 Rh5 42. Rxd5 Rxh3 43. Rxb5 Bd8 44. Rb8 Rh4+ 45. Kf5 Rh5+ 46. Ke4 Ke7 47. Rb7+ Ke8 48. Kd5 Bf6 49. Rb8+ Ke7 50. Rb7+ Ke8 51. Rb8+ Ke7 52. Rb7+ Ke8 1/2-1/2

[Event "December 12 Late 2023"]
[Site "https://www.chess.com"]
[Date "2023.12.12"]
[Round "6"]
[White "Cueto, Jonny"]
[Black "Kraiouchkine, Nikita"]
[Result "0-1"]
[Board "117"]
[TimeControl "180+1"]
[WhiteFideId "3300145"]
[BlackFideId "2607140"]
[WhiteElo "2228"]
[BlackElo "2462"]
[WhiteTeam "BOL"]
[BlackTeam "CAN"]
[WhiteClock "0:00:06"]
[BlackClock "0:00:09"]

1. d4 d5 2. Bf4 Nf6 3. e3 Bf5 4. c4 c6 5. Qb3 Qb6 6. Nc3 e6 7. c5 Qxb3 8. axb3 Nbd7 9. b4 Ne4 10. b5 Nxc3 11. bxc3 e5 12. Bg3 f6 13. bxc6 bxc6 14. c4 Be6 15. Nf3 dxc4 16. Nd2 c3 17. Nc4 exd4 18. exd4 Be7 19. Nd6+ Bxd6 20. Bxd6 Kf7 21. Ba6 Bd5 22. O-O Rae8 23. Bd3 Ra8 24. Ba6 Rae8 25. Bd3 Ra8 26. Bf5 Be6 27. Be4 Rhc8 28. Rfc1 f5 29. Bf3 a5 30. Rxc3 a4 31. Bd1 Ra6 32. Rxa4 Rxa4 33. Bxa4 Ra8 34. Ra3 Nf6 35. f3 Nd5 36. h4 Nb4 37. Bf4 Nc2 38. Ra2 Bxa2 39. Bxc2 Be6 40. Kh2 Ra2 41. Bd3 g6 42. Bf1 Ra4 43. Be5 Bd5 44. Bd3 f4 45. h5 gxh5 46. Bxh7 Ke6 47. Bg8+ Kd7 48. Bh7 Ra1 49. Bg6 Ra2 50. Bxh5 Ke6 51. Bg4+ Kf7 52. Kh3 Kg6 53. Bd7 Ra1 54. Kh2 Kg5 55. Bh3 Ra2 56. Bd6 Bxf3 57. Be7+ Kg6 58. Bd6 Bxg2 59. Bxg2 f3 60. Kg3 fxg2 61. Kh2 Kf5 62. Bg3 Ke6 63. Be5 Kd5 64. Kg1 Rd2 65. Bg7 Rxd4 66. Kxg2 Kxc5 67. Kg1 Kd5 68. Kf1 Re4 69. Kf2 c5 70. Kf3 Re8 71. Kf2 c4 72. Kf3 Kc5 73. Kf2 Kb4 74. Kf3 c3 75. Bxc3+ Kxc3 76. Kf4 Kd4 77. Kf5 Rf8+ 0-1

[Event "December 12 Late 2023"]
[Site "https://www.chess.com"]
[Date "2023.12.12"]
[Round "6"]
[White "Clarke, Matthew"]
[Black "Kovalevsky, Stanislav"]
[Result "0-1"]
[Board "118"]
[TimeControl "180+1"]
[WhiteFideId "3227804"]
[BlackFideId "13508598"]
[WhiteElo "2217"]
[BlackElo "2461"]
[WhiteTeam "AUS"]
[BlackTeam "FID"]
[WhiteClock "0:00:00"]
[BlackClock "0:00:16"]

1. d4 d5 2. c4 c6 3. cxd5 cxd5 4. Bf4 Nc6 5. e3 a6 6. Bd3 Nf6 7. Nc3 Bg4 8. Nge2 e6 9. Rc1 Bd6 10. Bxd6 Qxd6 11. Qb3 O-O 12. O-O e5 13. dxe5 Nxe5 14. Bb1 b5 15. h3 Bh5 16. Nf4 d4 17. Nxh5 Nxh5 18. Rfd1 d3 19. Ne4 Qg6 20. Bxd3 Rad8 21. Bb1 Nf6 22. Nd6 Nf3+ 23. Kh1 Ng4 0-1

[Event "December 12 Late 2023"]
[Site "https://www.chess.com"]
[Date "2023.12.12"]
[Round "6"]
[White "Bullen, Alex"]
[Black "Mazzilli, Piero"]
[Result "1-0"]
[Board "120"]
[TimeControl "180+1"]
[WhiteFideId "1801627"]
[BlackFideId "807087"]
[WhiteElo "2206"]
[BlackElo "2315"]
[WhiteTeam "WLS"]
[BlackTeam "ITA"]
[WhiteClock "0:00:16"]
[BlackClock "0:00:29"]

1. e4 c5 2. Nf3 d6 3. d4 cxd4 4. Nxd4 Nf6 5. Nc3 a6 6. Bc4 e6 7. Bb3 b5 8. Bg5 Be7 9. Qf3 Qc7 10. O-O-O O-O 11. e5 Bb7 12. exf6 Bxf3 13. fxe7 Bxd1 14. Nxe6 Qxe7 15. Bxe7 fxe6 16. Bxf8 Bxc2 17. Bxe6+ Kxf8 18. Kxc2 Nc6 19. Rd1 Ke7 20. Bd5 Rc8 21. Bxc6 Rxc6 22. Kd3 Kf7 23. Re1 Rc5 24. Re2 a5 25. a3 b4 26. axb4 axb4 27. Na2 b3 28. Nc3 g5 29. Re4 Rf5 30. f3 h5 31. h3 Ra5 32. Rb4 Ra1 33. Ne4 Rg1 34. Nxg5+ Kf6 35. Ne4+ Ke5 36. g3 d5 37. Nc3 Rxg3 38. Rh4 Rxf3+ 39. Ke2 Rf5 40. Rb4 Rg5 41. Kf3 Rf5+ 42. Kg3 Rg5+ 43. Kh4 Rg2 44. Rxb3 d4 45. Rb5+ Kf4 46. Nd5+ Kf3 47. Kxh5 d3 48. Rb3 Ke4 49. Nc3+ Kd4 50. Nb5+ Kc5 51. Rxd3 Kxb5 52. Rb3+ Kc4 53. Rb8 Rg3 54. h4 Kd5 55. Kh6 Kc6 56. h5 Kc7 57. Rb4 Kc6 58. Kh7 Kc5 59. Rb8 Rg2 60. h6 Kc6 61. Rb4 Rg1 62. Rb3 Kc5 63. Rb8 Kc6 64. b4 Kc7 65. Rb5 Rg4 66. Rd5 Rxb4 67. Kg7 Rg4+ 68. Kf7 Rf4+ 69. Kg6 Rf8 70. h7 Kc6 71. Rd1 Kc5 72. Kg7 Rb8 73. h8=Q Rb7+ 74. Kg6 Kc6 75. Qf6+ Kc7 76. Rd2 Rb6 77. Qxb6+ Kxb6 78. Rc2 Kb7 79. Rc1 Kb6 80. Kf5 Kb5 81. Ke4 Kb4 82. Kd3 Kb3 83. Rd1 Kb2 84. Rd2+ Kc1 85. Ke2 Kb1 86. Rd7 Kc1 87. Rd8 Kb1 88. Re8 Ka1 89. Re7 Kb1 90. Re6 Kc1 91. Re5 Kb1 92. Rf5 Ka1 93. Rg5 Kb1 94. Rh5 Kc1 95. Rh4 Kb1 96. Rg4 Ka1 97. Rf4 Kb1 98. Re4 Ka1 99. Rb4 1-0

[Event "December 12 Late 2023"]
[Site "https://www.chess.com"]
[Date "2023.12.12"]
[Round "6"]
[White "Curtis, John"]
[Black "Khokhlova, Daria"]
[Result "1-0"]
[Board "121"]
[TimeControl "180+1"]
[WhiteFideId "3200256"]
[BlackFideId "24182729"]
[WhiteElo "2204"]
[BlackElo "2305"]
[WhiteTeam "AUS"]
[BlackTeam "FID"]
[WhiteClock "0:00:50"]
[BlackClock "0:00:10"]

1. e4 c5 2. Nf3 d6 3. d4 cxd4 4. Nxd4 Nf6 5. Nc3 a6 6. g3 e5 7. Nde2 b5 8. a3 Bb7 9. Bg2 Nbd7 10. Bg5 Be7 11. Bxf6 Nxf6 12. O-O O-O 13. h3 Qc7 14. g4 Qc5 15. Kh1 a5 16. b4 axb4 17. axb4 Qc4 18. Rxa8 Rxa8 19. Qd3 Rc8 20. g5 Nd7 21. h4 Nb6 22. Ra1 d5 23. exd5 Qxh4+ 24. Kg1 Bxb4 25. Qxb5 Bc5 26. Ne4 Bxd5 27. Nxc5 Qxg5 28. Ng3 Bxg2 29. Kxg2 Nd5 30. Qd7 Nf4+ 31. Kf1 Rb8 32. Nb3 e4 33. Qf5 Qh6 34. Qxe4 Qh3+ 35. Kg1 g5 36. Ra8 Rxa8 37. Qxa8+ Kg7 38. Qe4 Kf6 39. Nd4 Qg4 40. Qf5+ Qxf5 41. Ndxf5 h5 42. Ne3 h4 43. Ne4+ Ke5 44. Nxg5 f6 45. Nf3+ Ke4 46. Nxh4 1-0

[Event "December 12 Late 2023"]
[Site "https://www.chess.com"]
[Date "2023.12.12"]
[Round "6"]
[White "Ruiz Aguilar, Pablo Alexander"]
[Black "Manfroi, Alexander Giannini"]
[Result "1-0"]
[Board "122"]
[TimeControl "180+1"]
[WhiteFideId "4401352"]
[BlackFideId "22739335"]
[WhiteElo "2302"]
[BlackElo "2199"]
[WhiteTeam "COL"]
[BlackTeam "BRA"]
[WhiteClock "0:01:07"]
[BlackClock "0:00:08"]

1. e4 e5 2. Nf3 Nc6 3. d4 exd4 4. Bc4 Nf6 5. e5 d5 6. Bb5 Ne4 7. O-O Bc5 8. Nxd4 Bd7 9. Bxc6 bxc6 10. Be3 O-O 11. Nc3 Ng5 12. Nxc6 Bxc6 13. Bxc5 Re8 14. f4 Ne4 15. Nxe4 dxe4 16. Qxd8 Raxd8 17. Rad1 a6 18. Kf2 f6 19. Bd4 f5 20. Ke3 Kf7 21. Bc3 Ke6 22. Ba5 Rxd1 23. Rxd1 Rc8 24. b3 Bb7 25. c4 h6 26. Bb4 g5 27. g3 Rg8 28. Ba5 Rg7 29. Bxc7 Rxc7 30. Rd6+ Ke7 31. Rxh6 gxf4+ 32. Kxf4 Rd7 33. Rb6 Ba8 34. Rxa6 Bb7 35. Rb6 Kd8 36. Rd6 Rxd6 37. exd6 Kd7 38. c5 Kc6 39. b4 Bc8 40. h4 Be6 41. h5 Kb5 42. h6 Bg8 43. d7 e3 44. Kxe3 1-0

[Event "December 12 Late 2023"]
[Site "https://www.chess.com"]
[Date "2023.12.12"]
[Round "6"]
[White "Tokat, Nehir"]
[Black "Hernandez Jimenez, Alexander Andres"]
[Result "1-0"]
[Board "123"]
[TimeControl "180+1"]
[WhiteFideId "34557555"]
[BlackFideId "3900452"]
[WhiteElo "2154"]
[BlackElo "2286"]
[WhiteTeam "TUR"]
[BlackTeam "VEN"]
[WhiteClock "0:00:08"]
[BlackClock "0:00:00"]

1. d4 Nf6 2. Bg5 Ne4 3. Bf4 d5 4. Nd2 Nf6 5. e3 c5 6. Ngf3 Nc6 7. c4 cxd4 8. exd4 e6 9. Be2 dxc4 10. Nxc4 Bb4+ 11. Bd2 Qe7 12. O-O O-O 13. a3 Bxd2 14. Qxd2 b6 15. Rac1 Bb7 16. Rfd1 Rfd8 17. Qf4 Rac8 18. Bd3 h6 19. h4 b5 20. Nce5 Nxe5 21. dxe5 Nd5 22. Qg4 b4 23. Rxc8 Rxc8 24. axb4 Qxb4 25. Qg3 Qf4 26. Qxf4 Nxf4 27. b3 Bxf3 28. gxf3 Rd8 29. Bc2 Rxd1+ 30. Bxd1 Nd3 31. Kf1 Nxe5 32. Ke2 Kf8 33. Ke3 g6 34. Kd4 Nd7 35. Kc4 Ke7 36. Kb5 Kd6 37. Ka6 Kc5 38. Kxa7 g5 39. hxg5 hxg5 40. Kb7 e5 41. Kc7 Nb6 42. Be2 Nd5+ 43. Kd7 f5 44. Ke6 g4 45. Kxf5 gxf3 46. Bxf3 1-0

[Event "December 12 Late 2023"]
[Site "https://www.chess.com"]
[Date "2023.12.12"]
[Round "6"]
[White "Demina, Marya"]
[Black "Nechitaylo, Nikita"]
[Result "1/2-1/2"]
[Board "124"]
[TimeControl "180+1"]
[WhiteFideId "4195671"]
[BlackFideId "34138161"]
[WhiteElo "2142"]
[BlackElo "2282"]
[WhiteTeam "RUS"]
[BlackTeam "UKR"]
[WhiteClock "0:00:08"]
[BlackClock "0:00:13"]

1. d4 Nf6 2. Nf3 e6 3. Bg5 c5 4. e3 Nc6 5. c3 d5 6. Bd3 h6 7. Bh4 Be7 8. Nbd2 O-O 9. Ne5 Bd7 10. Ndf3 Rc8 11. Rc1 cxd4 12. exd4 a6 13. Nxc6 Bxc6 14. Ne5 Bb5 15. O-O Bxd3 16. Qxd3 Ne4 17. Bxe7 Qxe7 18. f3 Nd6 19. Rfe1 b5 20. a3 Nc4 21. Re2 a5 22. f4 b4 23. axb4 axb4 24. Rf1 bxc3 25. bxc3 Qc7 26. Rf3 Nd6 27. h4 Ne4 28. Rxe4 dxe4 29. Qxe4 Ra8 30. Kh2 Ra3 31. Qe1 Rc8 32. f5 f6 33. fxe6 fxe5 34. Rf7 Qb8 35. dxe5 Raxc3 36. Rd7 R3c5 37. Rd6 R8c6 38. Qg3 Qf8 39. Rd7 Rc3 40. Qg4 Rc7 41. e7 Qe8 42. Rd8 Rxe7 43. Rxe8+ Rxe8 44. e6 Re3 45. Qg6 R3xe6 46. Qf5 Rf6 47. Qg4 Kh7 48. Qg3 Rg6 49. Qf3 Re5 50. g3 Rf6 51. Qd3+ Ref5 52. Kh3 g6 53. Kg2 Rf2+ 54. Kh3 Rf1 55. Qd7+ Rf7 56. Qd3 Ra1 57. h5 Ra6 58. hxg6+ Rxg6 59. g4 Rg7 60. Qe4 Kh8 61. Qe8+ Rg8 62. Qe4 Kh7 63. Qe7+ Kh8 64. Qe4 Rxg4 65. Qxg4 Rxg4 66. Kxg4 Kg7 67. Kh5 Kh7 68. Kh4 Kg6 69. Kh3 h5 70. Kh4 Kh6 71. Kh3 Kg5 72. Kh2 h4 73. Kh3 Kh5 74. Kh2 Kg4 75. Kh1 h3 76. Kh2 Kh4 77. Kh1 Kg3 78. Kg1 h2+ 79. Kh1 Kf4 80. Kxh2 1/2-1/2

[Event "December 12 Late 2023"]
[Site "https://www.chess.com"]
[Date "2023.12.12"]
[Round "6"]
[White "Player, Edmund C"]
[Black "Powell, Paul"]
[Result "1-0"]
[Board "125"]
[TimeControl "180+1"]
[WhiteFideId "406520"]
[BlackFideId "2005840"]
[WhiteElo "2278"]
[BlackElo "2132"]
[WhiteTeam "ENG"]
[BlackTeam "USA"]
[WhiteClock "0:00:18"]
[BlackClock "0:00:00"]

1. Nc3 c5 2. e4 Nc6 3. f4 g6 4. Nf3 Bg7 5. Bc4 d6 6. O-O Nd4 7. d3 Nf6 8. e5 dxe5 9. fxe5 Nh5 10. Bxf7+ Kxf7 11. Nxd4+ Ke8 12. Nf3 Rf8 13. Be3 b6 14. Ng5 Qc7 15. Rxf8+ Bxf8 16. Qf3 Bb7 17. Qf7+ Kd7 18. Qe6+ Ke8 19. Rf1 Bg7 20. Qf7+ Kd7 21. Qe6+ Ke8 22. Nf7 1-0

[Event "December 12 Late 2023"]
[Site "https://www.chess.com"]
[Date "2023.12.12"]
[Round "6"]
[White "Biliy, Vadim"]
[Black "Harrington, Steve"]
[Result "1-0"]
[Board "126"]
[TimeControl "180+1"]
[WhiteFideId "14114127"]
[BlackFideId "2038730"]
[WhiteElo "2278"]
[BlackElo "2131"]
[WhiteTeam "UKR"]
[BlackTeam "USA"]
[WhiteClock "0:00:32"]
[BlackClock "0:00:00"]

1. d4 d5 2. Nf3 Nc6 3. e3 Bg4 4. Be2 e6 5. O-O Nf6 6. h3 Bh5 7. Nbd2 Be7 8. c4 O-O 9. b3 Re8 10. Bb2 a5 11. Ne5 Bxe2 12. Qxe2 Nd7 13. cxd5 exd5 14. Nxc6 bxc6 15. Rfd1 a4 16. Rac1 c5 17. dxc5 Nxc5 18. b4 a3 19. Bxg7 Kxg7 20. bxc5 Bf6 21. Qg4+ Kh8 22. Nf3 c6 23. Nd4 Qc8 24. Qf4 Kg7 25. Nf5+ Kh8 26. Nd6 Qe6 27. Nxe8 Rxe8 28. Qd6 Bb2 29. Qxe6 fxe6 30. Rc2 e5 31. Rd3 Kg7 32. Rb3 Kf6 33. Rcxb2 axb2 34. Rxb2 Ra8 35. Rb6 Rxa2 36. Rxc6+ Ke7 37. g4 d4 38. exd4 exd4 39. Rd6 Rc2 40. Rxd4 Rxc5 41. Kg2 Kf6 42. Kg3 Kg6 43. Rd3 Rc4 44. f4 Ra4 45. Rd6+ Kg7 46. f5 h6 47. Rg6+ Kh7 48. Re6 Ra3+ 49. Kh4 Rb3 50. Re7+ Kg8 51. Rd7 Ra3 52. Rd1 Rf3 53. Rg1 Kg7 54. Rg3 Rf4 55. Re3 Rf1 56. Kg3 Rg1+ 57. Kf4 1-0

[Event "December 12 Late 2023"]
[Site "https://www.chess.com"]
[Date "2023.12.12"]
[Round "6"]
[White "Travadon, Loic"]
[Black "Golubenko, Valentina"]
[Result "0-1"]
[Board "127"]
[TimeControl "180+1"]
[WhiteFideId "26092131"]
[BlackFideId "4501993"]
[WhiteElo "2131"]
[BlackElo "2260"]
[WhiteTeam "FRA"]
[BlackTeam "CRO"]
[WhiteClock "0:00:00"]
[BlackClock "0:00:03"]

1. e4 e6 2. b3 d5 3. Bb2 dxe4 4. Nc3 Nf6 5. Qe2 Be7 6. Nxe4 O-O 7. O-O-O a5 8. a4 b6 9. Qf3 Nxe4 10. Qxe4 Qd5 11. Qg4 e5 12. Qg3 Nc6 13. Be2 Nd4 14. Bf3 Qc5 15. Bxd4 Qxd4 16. c3 Qd3 17. Kb2 Bf5 18. Ne2 Qc2+ 19. Ka1 Qxb3 20. d3 Qxa4+ 21. Kb1 Ba3 22. Nc1 Bxc1 23. Kxc1 Qa1+ 24. Kd2 Qb2+ 25. Ke3 Qxc3 26. Bxa8 Qd4+ 27. Ke2 Rxa8 28. Qe3 Qd6 29. d4 e4 30. h3 a4 31. g4 Bg6 32. h4 h5 33. g5 a3 34. Ra1 a2 35. Rhc1 Qd5 36. Rc2 Qb5+ 37. Ke1 Qb1+ 38. Rc1 Qb4+ 39. Qd2 Qb5 40. Rxa2 Rd8 41. Rac2 Qf5 42. Rxc7 Qh3 43. Qe3 Qxh4 44. Rc8 Rxc8 45. Rxc8+ Kh7 46. Rb8 Qh1+ 47. Ke2 Bf5 48. Rxb6 Bg4+ 49. Kd2 Qd1+ 50. Kc3 Qa1+ 51. Rb2 Qa3+ 52. Kc2 Qa4+ 53. Kd2 Qa5+ 54. Qc3 Qxg5+ 55. Qe3 Qa5+ 56. Kc2 Qc7+ 57. Kb1 Qc6 58. Qd2 Bf5 59. Qf4 Qd5 60. Rd2 e3+ 61. Qxf5+ Qxf5+ 62. Kc1 exd2+ 63. Kxd2 Qxf2+ 64. Kc3 Qf3+ 65. Kc4 Qe4 0-1

[Event "December 12 Late 2023"]
[Site "https://www.chess.com"]
[Date "2023.12.12"]
[Round "6"]
[White "Minina, Veronika"]
[Black "De Souza, Arthur Olintho"]
[Result "0-1"]
[Board "128"]
[TimeControl "180+1"]
[WhiteFideId "4174780"]
[BlackFideId "2116200"]
[WhiteElo "2252"]
[BlackElo "2051"]
[WhiteTeam "RUS"]
[BlackTeam "BRA"]
[WhiteClock "0:01:18"]
[BlackClock "0:02:01"]

1. Nf3 Nf6 2. c4 g6 3. g3 Bg7 4. Bg2 O-O 5. O-O c6 6. Nc3 d5 7. d4 Nbd7 8. cxd5 cxd5 9. Ne5 e6 10. f4 Nxe5 11. fxe5 Nd7 12. e4 dxe4 13. Nxe4 Qb6 14. Kh1 Nb8 15. Nd6 Nc6 16. Be3 Nxe5 17. dxe5 Qxe3 18. Nc4 Qc5 19. Rc1 Bxe5 20. Nxe5 Qxe5 21. Rc7 Qxc7 0-1

[Event "December 12 Late 2023"]
[Site "https://www.chess.com"]
[Date "2023.12.12"]
[Round "6"]
[White "Oliveira, Tiago Batista"]
[Black "Cooper, Aaron"]
[Result "0-1"]
[Board "129"]
[TimeControl "180+1"]
[WhiteFideId "2108291"]
[BlackFideId "2634945"]
[WhiteElo "2087"]
[BlackElo "2252"]
[WhiteTeam "BRA"]
[BlackTeam "CAN"]
[WhiteClock "0:00:05"]
[BlackClock "0:01:11"]

1. d4 d5 2. c4 e6 3. Nf3 Nf6 4. g3 Be7 5. Bg2 O-O 6. O-O dxc4 7. Ne5 Nc6 8. Bxc6 bxc6 9. Nxc6 Qe8 10. Nxe7+ Qxe7 11. Qa4 a5 12. Qxc4 Ba6 13. Qc2 Rfd8 14. Rd1 c5 15. dxc5 Rxd1+ 16. Qxd1 Qxc5 17. Be3 Qh5 18. f3 Nd5 19. Bf2 Rb8 20. b3 Rc8 21. e4 Nf6 22. Na3 Qg5 23. Nc2 h5 24. Ne3 h4 25. f4 Qg6 26. e5 Ne4 27. Qg4 Qxg4 28. Nxg4 hxg3 29. hxg3 Rc2 30. a3 Be2 31. Ne3 Rb2 32. Nc4 Bxc4 33. bxc4 Nxf2 34. Rc1 Ne4 35. c5 Rb7 36. c6 Rc7 37. Kg2 f5 38. exf6 gxf6 39. Kf3 f5 40. g4 Kf7 41. g5 Ke7 42. Ke3 Kd6 43. Rg1 Kxc6 44. Rc1+ Kd6 45. Rxc7 Kxc7 46. Kd4 Kd6 47. Kc4 e5 48. fxe5+ Kxe5 49. Kb5 f4 50. Kxa5 f3 0-1

[Event "December 12 Late 2023"]
[Site "https://www.chess.com"]
[Date "2023.12.12"]
[Round "6"]
[White "Hernandez Bonilla, Amelia"]
[Black "youngdinousaur"]
[Result "0-1"]
[Board "130"]
[TimeControl "180+1"]
[WhiteFideId "3900193"]
[WhiteElo "2026"]
[BlackElo "2251"]
[WhiteTeam "VEN"]
[WhiteClock "0:01:20"]
[BlackClock "0:00:26"]

1. d4 Nf6 2. Bf4 e6 3. e3 d5 4. Nf3 Bd6 5. Ne5 c5 6. Bb5+ Bd7 7. Nxd7 Nbxd7 8. Bxd6 Qb6 9. Bxd7+ Nxd7 10. dxc5 Qxb2 11. Nd2 Rc8 12. Nb3 Qc3+ 13. Qd2 Qf6 14. O-O h5 15. Rfe1 h4 16. h3 Rh5 17. e4 Kd8 18. Rad1 Rc6 19. Qa5+ Ke8 20. exd5 Rc8 21. dxe6 fxe6 22. Qxa7 Rg5 23. Qxb7 Rd8 24. Nd4 e5 25. Nc6 Qf3 26. Nxd8 Rxg2+ 27. Kh1 Qxh3# 0-1

[Event "December 12 Late 2023"]
[Site "https://www.chess.com"]
[Date "2023.12.12"]
[Round "6"]
[White "Erece, Ece Alkim"]
[Black "Desideri, Ricardo Maruchi"]
[Result "1-0"]
[Board "131"]
[TimeControl "180+1"]
[WhiteFideId "6346006"]
[BlackFideId "2110440"]
[WhiteElo "2245"]
[BlackElo "2015"]
[WhiteTeam "TUR"]
[BlackTeam "BRA"]
[WhiteClock "0:00:03"]
[BlackClock "0:00:13"]

1. e4 c5 2. Nf3 d6 3. d4 cxd4 4. Nxd4 Nf6 5. Nc3 a6 6. Bg5 Nbd7 7. f4 e6 8. Qf3 h6 9. Bxf6 Nxf6 10. O-O-O Qc7 11. Bd3 Be7 12. Rhe1 O-O 13. e5 Nd5 14. Nxd5 exd5 15. Qxd5 dxe5 16. Rxe5 Bf6 17. Qe4 g6 18. Rh5 Bg4 19. Rxh6 Bxd1 20. Ne6 fxe6 21. Qxe6+ Qf7 22. Rxg6+ Bg7 23. Qh3 Qxf4+ 24. Kxd1 Rad8 25. Rxg7+ Kxg7 26. Qh7+ Kf6 27. g3 Qf1+ 28. Kd2 Qf2+ 29. Kc3 Qc5+ 30. Bc4 Qd4+ 31. Kb3 b5 32. Qh6+ Ke5 33. Qe6# 1-0

[Event "December 12 Late 2023"]
[Site "https://www.chess.com"]
[Date "2023.12.12"]
[Round "6"]
[White "Bonin, Jay"]
[Black "Gulamirian, Korun"]
[Result "1-0"]
[Board "132"]
[TimeControl "180+1"]
[WhiteFideId "2000644"]
[BlackFideId "4144899"]
[WhiteElo "2310"]
[BlackElo "2017"]
[WhiteTeam "USA"]
[BlackTeam "RUS"]
[WhiteClock "0:01:12"]
[BlackClock "0:00:56"]

1. d4 Nf6 2. Nf3 g6 3. c4 c5 4. Nc3 cxd4 5. Nxd4 Bg7 6. e4 d6 7. Be2 O-O 8. O-O Nbd7 9. Be3 b6 10. Nc6 Qe8 11. f3 Bb7 12. Nb4 a5 13. Nbd5 Nxd5 14. cxd5 Nc5 15. Qd2 Qd7 16. Nb5 Rfc8 17. Rac1 Ba6 18. Nd4 Bxe2 19. Qxe2 Qa4 20. Nc6 Kf8 21. b3 Qa3 22. Rc2 Na6 23. Bc1 Rxc6 24. Bxa3 Bd4+ 25. Kh1 Rc3 26. Rxc3 Bxc3 27. Rc1 Bb4 28. Bxb4 Nxb4 29. a3 Na6 30. Qb5 Nc5 31. Qxb6 Nd3 32. Rd1 Rc8 33. Rxd3 Rc1+ 34. Qg1 Rxg1+ 35. Kxg1 Ke8 36. Rc3 Kd7 37. b4 axb4 38. axb4 e6 39. b5 1-0